 Dungeon Crawl Stone Soup version 0.28-a0-1616-g050a50673c (webtiles) character file.

Game seed: 16582953868441336447

107 a3don the Caller (level 5, 0/28 HPs)
             Began as a Kobold Summoner on Jan 22, 2022.
             Slain by Terence (1 damage)
             ... on level 3 of the Dungeon.
             The game lasted 00:11:23 (4716 turns).

a3don the Caller (Kobold Summoner)                  Turns: 4716, Time: 00:11:24

Health: 0/28       AC:  2    Str:  6    XL:     5   Next: 10%
Magic:  8/9        EV: 15    Int: 18    God:
Gold:   130        SH:  0    Dex: 15    Spells: 4/10 levels left

rFire   + . .      SeeInvis .   a - +0 rapier
rCold   + . .      Faith    .   (no shield)
rNeg    . . .      Spirit   .   e - +0 robe
rPois   .          Reflect  .   (no helmet)
rElec   .          Harm     .   n - scarf {rC+ rF+}
rCorr   .          Rampage  .   (no gloves)
Will    .....                   (no boots)
Stlth   ++++......              (no amulet)
HPRegen 0.09/turn               (no ring)
MPRegen 0.11/turn               (no ring)

@: no status effects
A: small, no large weapons, nightstalker 3
a: no special abilities


You were on level 3 of the Dungeon.
You visited 1 branch of the dungeon, and saw 3 of its levels.

You collected 130 gold pieces.

Inventory:

Hand Weapons
 a - a +0 rapier (weapon)
 b - a +0 hunting sling
 s - a +0 dagger
Missiles
 j - 21 stones
 l - 40 sling bullets
Armour
 e - a +0 robe (worn)
 n - a scarf of resistance (worn)
Jewellery
 h - a ring of fire
 p - a ring of poison resistance
 q - a ring of magical power
Wands
 o - a wand of mindburst (16)
Scrolls
 d - a scroll of identify {unknown}
 f - a scroll of amnesia {unknown}
 g - a scroll of enchant weapon {unknown}
 i - 4 scrolls of teleportation {unknown}
 m - a scroll of fog {unknown}
Potions
 c - a potion of lignification {unknown}
 k - 3 potions of curing {unknown}
 r - a potion of attraction {unknown}


   Skills:
 * Level 0.1 Short Blades
 + Level 0.9 Slings
 + Level 2.4 Dodging
 - Level 4.4 Stealth
 + Level 3.2 Spellcasting
 + Level 4.7 Summonings


You had 4 spell levels left.
You knew the following spells:

 Your Spells              Type           Power      Damage    Failure   Level
a - Summon Small Mammal   Summ           76%        N/A       2%          1
b - Call Imp              Summ           19%        N/A       3%          2
c - Call Canine Familiar  Summ           19%        N/A       7%          3

Your spell library contained the following spells:

 Spells                   Type           Power      Damage    Failure   Level
 Pain                     Necr           8%         1d4       16%         1
 Summon Guardian Golem    Hex/Summ       11%        N/A       19%         3
 Ozocubu's Armour         Ice            2%         N/A       43%         3
 Summon Lightning Spire   Summ/Air       11%        N/A       52%         4
 Agony                    Necr           2%         N/A       99%         5
 Excruciating Wounds      Necr           1%         N/A       99%         5
 Ozocubu's Refrigeration  Ice            1%         4d5       100%        7


Dungeon Overview and Level Annotations

Branches:
Dungeon (3/15)

Altars:
Yredelemnul

Annotations:
D:3 Terence


Innate Abilities, Weirdness & Mutations

You are small and have problems with some larger weapons.
You are completely attuned to the shadows.


Message History

Your hound bites Terence but does no damage.
Your quokka bites Terence.
Terence hits you with a +3 vorpal flail!
Your hound closely misses Terence.
You hit Terence.
Terence is severely wounded.
Your quokka bites Terence but does no damage.
Terence barely misses you.
Your hound bites Terence but does no damage.
Your quokka barely misses Terence.
Terence hits you with a +3 vorpal flail!
Ouch! That really hurt!
* * * LOW HITPOINT WARNING * * *
x2 Your hound barely misses Terence.
Your crimson imp misses Terence.
Your quokka closely misses Terence.
Your hound bites Terence but does no damage.
Your hound closely misses Terence.
Your hound barely misses Terence.
Your quokka bites Terence but does no damage.
Casting: Summon Small Mammal (safe; 2% risk of failure)
Confirm with . or Enter, or press ? or * to list all spells.
A beastly little devil appears in a puff of flame.
Your hound barely misses Terence.
Your crimson imp completely misses Terence.
Your hound disappears in a puff of smoke!
Your quokka closely misses Terence.
Your crimson imp blinks!
Your quokka closely misses Terence.
You see here a +0 mace.
Your quokka barely misses Terence.
Terence says, "How do you enjoy it?"
Your quokka bites Terence but does no damage.
Terence asks, "Do you want it fast or slow?"
Your quokka bites Terence but does no damage.
Your quokka disappears in a puff of smoke!
There is an open door here.
There is an open door here.
Terence hits you with a +3 vorpal flail!
* * * LOW HITPOINT WARNING * * *
You die...

#.....# #.# #.....#
#.# #.....#
################.#
..(...#
#.#................#
5.....#
#.#.################
......# #.#)#†.....#
.###.##
##.#.#.####.# .# #.#
#.†..@....#.# .# #.#
#...@.....#.# .# #.#
#...#######.####
.###.#
#..)'..........#
..##.#
###...#######.##.#
..##.######......#
#.##.#
[.##.#....#......#
#....#
...#.#.##.#......#
######
.......##.#......#
##...####.#......#


You could see Terence.

Vanquished Creatures
  2 adders
  A dart slug (D:3)
  2 orcs (D:3)
  5 hobgoblins (D:3)
  4 ball pythons
  7 bats
  A frilled lizard (D:1)
  2 goblins
  2 kobolds
  4 rats
30 creatures vanquished.

Vanquished Creatures (collateral kills)
  An adder (D:2)
  A dart slug (D:1)
  2 ball pythons
  2 bats (D:1)
  5 endoplasms
  5 giant cockroaches
  5 goblins
  5 hobgoblins
  A quokka (D:2)
  2 frilled lizards
  7 kobolds
  4 rats (D:1)
40 creatures vanquished.

Grand Total: 70 creatures vanquished

Notes
Turn   | Place    | Note
-------+----------+-------------------------------------------
     0 | D:1      | a3don the Kobold Summoner began the quest for the Orb.
     0 | D:1      | Reached XP level 1. HP: 10/10 MP: 3/3
   314 | D:1      | Reached XP level 2. HP: 15/15 MP: 0/5
   317 | D:1      | Learned a level 2 spell: Call Imp
   898 | D:1      | You fall into a shaft and drop 1 floor!
   906 | D:2      | Reached XP level 3. HP: 19/19 MP: 6/6
  1509 | D:2      | Reached XP level 4. HP: 24/24 MP: 5/8
  1517 | D:2      | Learned a level 3 spell: Call Canine Familiar
  2916 | D:1      | Found a faded altar of an unknown god.
  3727 | D:3      | Noticed Terence
  4284 | D:3      | Reached XP level 5. HP: 28/28 MP: 9/9
  4314 | D:3      | Found a basalt altar of Yredelemnul.
  4716 | D:3      | HP: 1/28 [Terence (8)]
  4716 | D:3      | Slain by Terence

Illustrated notes

Levels and vault maps discovered:
D:1:      dpeg_arrival_water_fire, layout_basic,
          shapermc_ecumenical_altar_mp_vishouse
D:2:      kb_forest_paths, layout_basic
D:3:      layout_basic, marbit_many_paths, minmay_misc_feat_enclosed,
          minmay_fountain_box, uniq_terence

Skill      XL: |  1  2  3  4 |
---------------+-------------+-----
Stealth        | 3 4 |  4.4
Spellcasting   | 3 |  3.2
Short Blades   | |  0.1
Slings         | |  0.9
Dodging        | |  2.4
Summonings     | |  4.7

Action                   |  1- 3 |  4- 6 || total
-------------------------+-------+-------++-------
Melee: Dagger            |    37 |    40 ||    77
       Rapier            |       |     5 ||     5
 Fire: Hunting sling     |       |    18 ||    18
 Cast: Summon Small Mamm |    28 |    13 ||    41
       Call Imp          |     9 |    14 ||    23
       Call Canine Famil |       |     3 ||     3
 Stab: Sleeping          |     5 |    12 ||    17
Armor: Robe              |    10 |     4 ||    14
Dodge: Dodged            |    49 |    43 ||    92

Table legend: (Time is in decaauts)
 A = Elapsed time spent in this place.
 B = Non-inter-level travel time spent in this place.
 C = Inter-level travel time spent in this place.
 D = Time resting spent in this place.
 E = Time spent auto-exploring this place.
 F = Levels seen in this place.
 G = Mean time per level.
                   A        B        C        D        E       F      G
               +--------+--------+--------+--------+--------+-----+--------+
         Total |   4723 |   4548 |    175 |    511 |   3260 |   3 | 1574.3 |
       Dungeon |   4723 |   4548 |    175 |    511 |   3260 |   3 | 1574.3 |
               +--------+--------+--------+--------+--------+-----+--------+

Top non-repeatable levels by time:
     D:1: 1740 daAuts
     D:2: 1550 daAuts
     D:3: 1431 daAuts
